Map: Magannatha LE

Players

Tunamelt

  • Race: Zerg Zerg
  • League: Platinum
  • Spawn Location: 5:00

KimChiLoVer - Winner!

  • Race: Terran Terran
  • League: Diamond
  • Spawn Location: 11:00

VOD

Have the link to the VOD?

Description

Time

  • Played on: Aug. 29, 2025, 8:10 p.m.
  • Length: 10:09
Show
View Real Time Build Order
Export as new Build Order

Tunamelt Zerg 

Build Orders: Hatch First 

Get SALT Encoding   

  12  0:01  Drone  
  13  0:10  Drone  
  14  0:17  Overlord  
  14  0:36  Drone x3  
  17  0:50  Hatchery  
  16  1:04  Drone x2  
  18  1:14  Extractor  
  17  1:18  Spawning Pool  
  17  1:19  Drone x2  
  18  1:37  Drone  
  19  1:46  Drone  
  20  2:02  Drone x2  
  20  2:03  Drone  
  20  2:07  Queen  
  20  2:08  Queen  
  27  2:12  Overlord  
  27  2:15  Zergling x2  
  28  2:43  Drone  
  28  2:44  Drone x3  
  31  2:49  Hatchery  
  30  3:06  Drone x3  
  30  3:08  Drone x3  
  36  3:17  Overlord x2  
  36  3:25  Metabolic Boost  
  36  3:27  Lair  
  36  3:31  Overlord x2  
  36  3:35  Queen  
  38  3:48  Extractor  
  37  3:49  Drone x8  
  45  4:09  Drone x4  
  49  4:11  Roach Warren  
  48  4:33  Queen x3  
  48  4:35  Drone x10  
  64  4:45  Zergling x8  
  68  4:48  Zergling x10  
  66  5:37  Spore Crawler  
  66  5:39  Spore Crawler  
  66  5:40  Drone  
  66  5:41  Drone x10, Spore Crawler  
  66  5:42  Overlord x4  
  74  5:50  Evolution Chamber x2  
  74  5:52  Baneling Nest  
  74  5:54  Hatchery x2  
  74  5:55  Infestation Pit  
  68  6:08  Zergling x2  
  68  6:09  Zergling x24  
  81  6:19  Extractor  
  81  6:20  Extractor  
  79  6:37  Zergling x26  
  79  6:39  Zerg Ground Armor Level 1, Zerg Melee Weapons Level 1  
  92  6:40  Centrifugal Hooks  
  92  6:45  Drone  
  93  6:47  Drone  
  93  6:49  Drone  
  95  7:08  Drone x3  
  98  7:12  Drone x2  
  98  7:13  Drone, Extractor x2  
  98  7:14  Drone  
  98  7:15  Drone x2  
  101  7:16  Drone x2  
  101  7:17  Drone x2  
  106  7:27  Spore Crawler  
  105  7:30  Spore Crawler  
  74  8:09  Drone x16  
  88  8:20  Spire  
  87  8:33  Drone x7  
  87  8:34  Drone x9  
  103  8:41  Extractor  
  103  8:42  Extractor  
  101  8:57  Queen x2  
  101  8:59  Overlord x7, Zergling x4  
  101  9:00  Overlord x7  
  107  9:15  Nydus Network  
  107  9:24  Drone x3  
  107  9:25  Drone  
  107  9:26  Drone x2  
  107  9:27  Drone x2  
  114  9:32  Zergling x18  
  114  9:33  Zergling x10  
  114  9:34  Baneling  
  114  9:35  Baneling x7  
Show
View Real Time Build Order
Export as new Build Order

KimChiLoVer Terran - Winner!

Build Orders: Reaper Expand 

Get SALT Encoding   

  12  0:01  SCV  
  13  0:13  SCV  
  14  0:17  Supply Depot  
  14  0:25  SCV  
  15  0:39  SCV  
  15  0:40  Barracks  
  16  0:44  Refinery  
  16  0:51  SCV  
  17  1:03  SCV  
  18  1:16  SCV  
  19  1:28  Orbital Command  
  19  1:30  Reaper  
  20  1:42  Command Center  
  20  1:55  Supply Depot  
  20  1:56  SCV  
  21  2:01  Marine  
  22  2:10  SCV  
  23  2:17  Factory  
  23  2:21  Refinery  
  23  2:22  SCV  
  24  2:29  Barracks Reactor  
  24  2:34  SCV  
  24  2:36  Barracks  
  25  2:43  Barracks  
  24  3:12  Orbital Command  
  23  3:25  Barracks Tech Lab  
  23  3:26  SCV  
  24  3:28  Supply Depot, Hellion  
  24  3:29  Hellion  
  24  3:31  Marine x2  
  30  3:38  SCV  
  31  3:46  SCV  
  32  3:49  Marine  
  32  3:50  SCV  
  32  3:53  Supply Depot  
  34  3:58  SCV, Hellion  
  34  4:02  SCV  
  38  4:10  SCV, Engineering Bay  
  38  4:11  Stimpack  
  38  4:13  Marine  
  38  4:14  SCV, Marine  
  42  4:22  SCV  
  42  4:23  Engineering Bay  
  43  4:25  Hellion  
  43  4:26  SCV, Hellion  
  43  4:27  Marine  
  49  4:34  Starport  
  49  4:35  Barracks Reactor  
  49  4:36  Barracks Reactor  
  49  4:38  SCV  
  49  4:40  SCV  
  51  4:45  Refinery  
  51  4:53  SCV  
  51  4:55  Terran Infantry Weapons Level 1, Terran Infantry Armor Level 1  
  51  4:57  Widow Mine  
  51  4:58  Marine  
  51  4:59  SCV  
  56  5:03  Supply Depot  
  56  5:05  SCV  
  57  5:11  SCV  
  54  5:16  Marine  
  49  5:27  Supply Depot x2  
  49  5:32  Marine x4  
  49  5:34  Marine  
  54  5:35  Supply Depot x2  
  54  5:37  SCV x2  
  54  5:38  Factory Tech Lab  
  56  5:47  Command Center  
  56  5:49  SCV x2  
  58  5:52  Armory  
  58  6:03  SCV  
  59  6:06  Barracks  
  59  6:13  Barracks  
  59  6:16  Medivac x2  
  59  6:17  Barracks  
  59  6:18  Marine x3  
  66  6:20  Combat Shield  
  66  6:29  SCV  
  66  6:32  SCV, Refinery  
  68  6:34  Siege Tank  
  71  6:41  SCV  
  71  6:44  SCV  
  71  6:46  Terran Vehicle And Ship Armor Level 1, Medivac x2  
  77  6:48  Marine x2  
  77  6:53  SCV  
  77  6:54  Missile Turret  
  80  6:56  SCV  
  81  7:16  Viking x2  
  81  7:21  Barracks Tech Lab x3  
  81  7:22  Marine x4  
  89  7:27  Starport  
  72  8:10  Marine  
  72  8:11  Marine x7  
  82  8:20  Siege Tank  
  76  8:28  Marine x3  
  76  8:29  Marine x5  
  76  8:33  Concussive Shells  
  84  8:34  Command Center  
  84  8:35  Starport Reactor  
  84  8:36  Medivac x2  
  88  8:42  Supply Depot  
  88  8:46  Marine x3  
  88  8:47  Marauder x3  
  97  8:51  Supply Depot  
  97  8:52  Siege Tank  
  100  8:57  Marine x2  
  102  9:04  Marine x3  
  102  9:06  Medivac  
  102  9:08  Marine x2  
  109  9:13  Marauder  
  109  9:15  Marine  
  109  9:16  Marauder  
  114  9:22  Marine x3  
  117  9:26  Marine  
  118  9:46  Marine x5, Marauder x3  
Tags
 
Add a new tag
Caveats
  • Supply blocks, unpowered buildings, or Contaminate may cause inaccurate times.
  • Supply counts are checked every 10 seconds.